Map: Ulrena

Players

LilDicky

  • Race: Terran Terran
  • League: Diamond

Ivy

  • Race: Terran Terran

NoHandsMan

  • Race: Terran Terran

Balanoc

  • Race: Terran Terran

VOD

http://www.twitch.tv/tumescentpie

Description

Time

  • Played on: Nov. 28, 2015, 3:50 a.m.
  • Length: 15:28
Show
View Real Time Build Order
Export as new Build Order

LilDicky Terran 

Build Orders:  

Get SALT Encoding   

  12  0:01  SCV  
  13  0:13  SCV  
  14  0:21  Supply Depot  
  14  0:25  SCV  
  15  0:43  SCV  
  15  0:47  Barracks  
  16  0:55  SCV  
  17  1:21  SCV  
  18  1:39  Command Center, SCV  
  19  1:47  Marine  
  19  1:52  SCV  
  21  2:04  SCV  
  21  2:06  Refinery  
  21  2:07  Refinery  
  22  2:16  Marine  
  22  2:17  Supply Depot  
  23  2:23  Orbital Command  
  23  2:51  SCV  
  24  3:00  Factory  
  24  3:03  SCV  
  25  3:17  Orbital Command  
  25  3:19  SCV  
  26  3:24  Marine  
  26  3:26  Command Center  
  27  3:40  SCV  
  28  3:42  Factory, Marine  
  28  3:44  Factory Reactor  
  29  3:55  Starport  
  29  4:07  Marine  
  29  4:08  Orbital Command  
  30  4:21  Liberator  
  30  4:22  Hellion x2  
  34  4:25  SCV  
  34  4:37  SCV  
  33  4:39  Marine  
  33  4:41  Widow Mine  
  37  4:49  SCV  
  37  4:52  Hellion x2  
  39  5:03  Marine  
  39  5:13  Hellion x2  
  42  5:18  Widow Mine  
  37  5:35  Hellion  
  29  5:49  Liberator  
  18  6:06  Orbital Command  
  18  6:08  Hellion x3  
  22  6:29  Hellion x2  
  26  6:38  Widow Mine  
  28  6:40  Liberator  
  28  6:51  Hellion  
  22  7:29  Widow Mine  
  22  7:30  Hellion x2  
  24  7:51  Widow Mine  
  21  7:52  Hellion  
  25  8:05  Orbital Command  
  25  8:21  Hellion x2  
  25  8:23  SCV  
  30  8:33  Supply Depot  
  30  8:35  SCV  
  30  8:36  Starport Reactor  
  33  8:42  SCV, Hellion x2  
  33  8:47  SCV  
  39  8:51  Factory Tech Lab  
  39  8:54  SCV  
  38  9:00  SCV  
  38  9:02  Barracks  
  39  9:06  SCV  
  40  9:12  SCV  
  41  9:17  Siege Tank  
  41  9:24  SCV  
  43  9:31  SCV  
  43  9:36  SCV  
  44  9:40  Hellion  
  44  9:43  SCV  
  43  9:47  Liberator  
  43  9:48  SCV  
  43  9:50  Liberator  
  42  9:55  SCV  
  43  10:00  SCV  
  43  10:02  Orbital Command  
  45  10:07  SCV  
  45  10:12  SCV  
  50  10:19  Supply Depot, SCV  
  51  10:24  SCV  
  51  10:25  Refinery  
  51  10:26  Refinery  
  52  10:32  SCV  
  53  10:40  SCV, Siege Tank  
  57  10:44  SCV  
  54  10:50  Supply Depot  
  54  10:51  Supply Depot  
  54  11:00  SCV x3, Armory  
  57  11:05  Supply Depot  
  57  11:12  SCV  
  58  11:26  Command Center  
  58  11:42  Supply Depot  
  58  11:46  Orbital Command  
  58  11:48  Hellion x2  
  58  11:49  Siege Tank  
  58  11:53  Terran Vehicle Weapons Level 1  
  41  12:30  Hellion x3  
  47  12:41  Orbital Command  
  47  12:42  SCV x3  
  50  12:45  Liberator  
  50  12:46  Liberator  
  49  12:51  Hellion  
  49  12:52  Hellion x2  
  58  13:11  SCV x3  
  58  13:12  SCV  
  59  13:13  Hellbat x3  
  65  13:23  SCV x3  
  65  13:24  SCV  
  69  13:28  Liberator x2  
  69  13:34  Siege Tank  
  69  13:35  SCV x2  
  69  13:36  Hellion x6, Hellbat  
  69  13:37  Hellbat  
  69  13:38  Supply Depot  
  84  14:04  SCV x2  
  84  14:05  SCV x2  
  84  14:07  Siege Tank  
  89  14:16  SCV x2  
  89  14:17  SCV  
  89  14:22  SCV  
  84  14:28  SCV  
  84  14:29  SCV x2  
  78  14:49  SCV x4  
  78  14:52  Siege Tank  
  85  14:54  Hellbat x2  
  89  15:00  Engineering Bay  
  89  15:01  SCV  
Show
View Real Time Build Order
Export as new Build Order

Ivy Terran 

Build Orders:  

Get SALT Encoding   

  12  0:01  SCV  
  13  0:14  SCV  
  14  0:26  SCV  
  14  0:27  Supply Depot  
  15  0:48  SCV  
  16  0:50  Barracks  
  16  0:57  Refinery  
  16  1:00  SCV  
  17  1:11  Supply Depot  
  17  1:12  SCV  
  18  1:37  Orbital Command  
  18  1:40  Marine  
  18  1:44  Barracks  
  19  1:58  Marine  
  20  2:07  SCV  
  21  2:14  Refinery  
  21  2:16  Marine  
  21  2:19  SCV  
  23  2:31  SCV  
  23  2:32  Barracks Tech Lab  
  23  2:33  Marine  
  25  2:43  SCV  
  26  2:47  Supply Depot  
  26  2:51  Marine  
  26  2:55  SCV  
  28  2:59  Marauder  
  28  3:03  Concussive Shells  
  30  3:07  SCV  
  30  3:10  Barracks Reactor  
  31  3:20  Marauder  
  31  3:23  Command Center  
  33  3:29  SCV  
  35  3:41  Marauder  
  35  3:58  Combat Shields  
  35  4:00  Marine x2  
  39  4:03  Marauder  
  39  4:18  Marine x2  
  43  4:24  Marauder  
  43  4:26  Supply Depot  
  43  4:30  Factory  
  43  4:36  Marine x2  
  46  4:45  Marauder  
  45  4:54  Marine x2  
  47  5:07  Marauder  
  47  5:11  Marine  
  47  5:12  Marine  
  45  5:26  Orbital Command  
  47  5:28  Marauder  
  47  5:29  Marine x2  
  47  5:47  Marine  
  47  5:50  Marauder  
  47  5:51  Factory Tech Lab  
  47  5:55  Marine  
  42  6:03  Supply Depot  
  40  6:05  Marine  
  40  6:08  SCV x2  
  42  6:11  Marauder  
  42  6:13  Marine  
  42  6:20  SCV  
  42  6:23  Marine  
  44  6:28  Barracks  
  44  6:30  SCV, Barracks  
  44  6:31  Marine  
  44  6:32  Marauder  
  48  6:39  SCV  
  45  6:41  Marine  
  45  6:42  SCV  
  47  6:53  SCV  
  43  7:03  Command Center  
  43  7:04  SCV  
  44  7:10  SCV  
  44  7:18  Barracks Reactor  
  44  7:19  Marauder, Marine x2  
  44  7:20  Barracks Reactor  
  47  7:25  Factory  
  47  7:26  Supply Depot  
  47  7:28  SCV x2  
  48  7:40  SCV x2  
  50  7:45  Marauder, Marine x2  
  52  7:52  SCV x2, Stimpack  
  51  7:59  Marine  
  51  8:00  Marine x2  
  51  8:02  Marine  
  51  8:03  Marine  
  51  8:04  SCV x2  
  54  8:09  Starport  
  54  8:17  Marine  
  54  8:18  Marine  
  54  8:19  Marauder  
  58  8:20  Marine x2  
  58  8:23  SCV x2  
  58  8:24  Marine  
  58  8:25  Marine  
  64  8:30  Engineering Bay  
  64  8:32  Engineering Bay  
  63  8:35  Marine x2  
  63  8:38  Marine x2  
  63  8:40  Orbital Command  
  64  8:42  SCV x2  
  65  9:04  Missile Turret  
  65  9:06  SCV  
  65  9:07  Missile Turret  
  66  9:10  Marine x3  
  66  9:11  Marine x2, Refinery x2, Marauder  
  66  9:14  Missile Turret  
  63  9:28  Marine x2  
  63  9:31  Terran Infantry Weapons Level 1, Terran Infantry Armor Level 1  
  59  9:32  SCV x2, Marauder  
  59  9:34  Starport Reactor  
  59  9:36  SCV  
  59  9:38  Marine x3  
  64  9:39  Marine  
  64  9:44  SCV  
  64  9:47  SCV  
  64  9:48  SCV  
  66  9:53  Marine x2  
  66  9:54  Barracks, Marauder  
  66  9:56  SCV  
  66  9:57  Barracks  
  71  10:06  SCV x2  
  72  10:11  Medivac x2  
  76  10:20  SCV x2  
  78  10:25  Marine, Marauder  
  78  10:26  Marine x5  
  78  10:27  Command Center  
  85  10:37  SCV x2  
  85  10:43  Marine  
  85  10:44  SCV, Marine  
  85  10:46  Marauder  
  85  10:47  Medivac x2  
  85  10:49  SCV x2  
  94  10:57  SCV  
  95  11:01  SCV x2  
  97  11:08  Marine, Marauder  
  97  11:09  SCV  
  101  11:12  Barracks Reactor  
  101  11:13  Barracks Reactor  
  101  11:40  Supply Depot x2  
  101  11:42  Supply Depot  
  101  11:46  SCV  
  101  11:51  Starport, Marine  
  101  11:56  SCV x2, Viking x2, Marauder  
  97  12:03  SCV  
  97  12:04  Orbital Command  
  99  12:08  SCV, Marine  
  99  12:09  Marine  
  99  12:10  Marine  
  99  12:11  Barracks Reactor  
  102  12:18  Marauder  
  104  12:26  Viking x2  
  104  12:29  Viking x2  
  108  12:35  Armory  
  104  12:52  Marine x2  
  104  12:54  Marine  
  104  12:55  Marine x5  
  104  12:56  Marine  
  104  12:58  Marine x2  
  115  13:03  Supply Depot  
  115  13:04  Viking x2  
  123  13:15  Medivac x2  
  123  13:16  Marauder  
  125  13:31  Marine x6  
  131  13:38  Marauder  
  133  13:48  Marine x3  
  133  13:50  Medivac x3  
  133  13:51  Medivac  
  133  13:53  Supply Depot  
  133  13:54  Command Center  
  144  13:56  Supply Depot  
  144  13:57  Command Center  
  144  13:58  Supply Depot  
  144  13:59  Supply Depot, Marauder  
  146  14:02  Command Center  
  144  14:21  Orbital Command  
  144  14:28  Missile Turret, Marine x4  
  144  14:31  Medivac x2  
  152  14:33  Missile Turret  
  150  14:53  Missile Turret  
  150  14:55  Missile Turret  
  148  15:06  Marine  
  148  15:07  Marine x4  
Show
View Real Time Build Order
Export as new Build Order

NoHandsMan Terran 

Build Orders:  

Get SALT Encoding   

Show
View Real Time Build Order
Export as new Build Order

Balanoc Terran 

Build Orders:  

Get SALT Encoding   

Tags
 
Add a new tag
Caveats
  • Supply blocks, unpowered buildings, or Contaminate may cause inaccurate times.
  • Supply counts are checked every 10 seconds.